 Dungeon Crawl Stone Soup version 0.28-a0-43-g560ac104fe (webtiles) character file.

Game seed: 7361188163062140996

186 freelancePsychic the Magician (level 5, -1/39 HPs)
             Began as a Djinni Ice Elementalist on July 29, 2021.
             Slain by an orc (5 damage)
             ... on level 3 of the Dungeon.
             The game lasted 00:03:29 (2678 turns).

freelancePsychic the Magician (DjIE)                Turns: 2678, Time: 00:03:29

Health: -1/39      AC:  2    Str:  7    XL:     5   Next: 97%
Gold:   119        EV: 12    Int: 18    God:
                   SH:  0    Dex: 13

rFire   + + .      SeeInvis .   d - +0 dagger
rCold   x . .      Faith    .   (no shield)
rNeg    . . .      Spirit   .   a - +0 robe
rPois   ∞          Reflect  .   (no helmet)
rElec   .          Harm     .   (no cloak)
rCorr   .          Rampage  .   (no gloves)
Will    .....                   (boots unavailable)
Stlth   ++........              (no amulet)
HPRegen 0.13/turn               (no ring)
MPRegen 0.00/turn               (no ring)

@: flying
A: sickness immunity, fire resistance 2, cold vulnerability 1, float, innate
caster, hp casting, extra vitality 1
a: no special abilities


You were on level 3 of the Dungeon.
You visited 1 branch of the dungeon, and saw 3 of its levels.

You collected 119 gold pieces.

Inventory:

Hand Weapons
 d - a +0 dagger (weapon)
Missiles
 e - 2 throwing nets
Armour
 a - a +0 robe (worn)
Scrolls
 b - a scroll of fear {unknown}
 c - a scroll of teleportation {@r4}
 f - a scroll of magic mapping
 h - a scroll of fog {unknown}
 i - a scroll of torment {unknown}
Potions
 j - a potion of curing {unknown}


   Skills:
 + Level 2.7 Fighting
 - Level 2.1 Dodging
 - Level 1.5 Stealth
 * Level 4.7 Spellcasting


You couldn't memorise any spells.
You knew the following spells:

 Your Spells              Type           Power      Damage    Failure   Level
a - Freeze                Ice            84%        1d10      1%          1
b - Frozen Ramparts       Ice            42%        1d6       6%          3
c - Ozocubu's Armour      Ice            21%        N/A       6%          3
d - Hailstorm             Conj/Ice       21%        3d6       19%         4
e - Summon Small Mammal   Summ           84%        N/A       1%          1
f - Corpse Rot            Necr/Air       N/A        N/A       3%          2
Your spell library was empty.

Dungeon Overview and Level Annotations

Branches:
Dungeon (3/15)

Altars:
The Shining One


Innate Abilities, Weirdness & Mutations

You are immune to sickness and miasma.
You are immune to poison.
Your flesh is very heat resistant. (rF++)
You are vulnerable to cold. (rC-)
You float through the air rather than walking.
You learn spells naturally, not from books.
Your magical power is your life essence.
You have superior vitality. (+4 HP)


Message History

The orc wizard casts a spell.
The orc wizard flickers and vanishes!
Deactivating autopickup; reactivate with Ctrl-A.
The hound bites you.
Casting: Hailstorm (quite dangerous; 22% risk of failure)
Confirm with . or Enter, or press ? or * to list all spells.
Casting: Frozen Ramparts (dangerous; 6% risk of failure)
Press: ? - help, Dir - look around, f - activate The walls around you are covered in ice.
The wall freezes the hound.
The hound closely misses you.
The wall freezes the orc.
Casting: Frozen Ramparts (dangerous; 6% risk of failure)
Confirm with . or Enter, or press ? or * to list all spells.
A film of ice covers your body!
The wall freezes the hound.
The hound bites you.
The wall freezes the orc.
You kill the orc!
The wall freezes the hound.
The hound barely misses you.
You hit the hound but do no damage.
The hound is heavily wounded.
The wall freezes the hound.
The hound bites you but does no damage.
The wall freezes the ball python.
The orc priest mumbles some strange prayers to Beogh against you.
Beogh smites you!
You miss the hound.
The hound is severely wounded.
The wall freezes the hound.
The hound bites you but does no damage.
The wall freezes the ball python.
You kill the ball python!
The wall freezes the hound.
You kill the hound!
The wall freezes the orc.
The orc priest invokes the aid of Beogh against you.
Beogh smites you!
* * * LOW HITPOINT WARNING * * *
Your icy armour and frozen ramparts will break if you move.
Continue?
Your icy armour cracks and falls away as you move.
The frozen ramparts melt away as you move.
There is a stone staircase leading up here.
The orc hits you with a +0 short sword.
You die...

##.......# #.##...### ##..#.....
#.......## #..##....###..##..#..
#o.......####..##.#..#..##...##.
#.........####.##..#.#.###.#..#.
#...o................#.#........
#..........###.#..............#.
#..o....#...##.#..............##
#.......#.o...................##
#####.###.#...o@......#.......##
#)†.#.###.........#.......##
##....# ###.......##......##
####...(#####.......###.######
......(........................
#####...#..###.........).......
#...#.........#####†.......
#...#########........#.....
#...# ##########.....


You could see an orc priest and an orc.

Vanquished Creatures
  A scorpion (D:3)
  A hound (D:3)
  3 adders
  A worm (D:3)
  4 dart slugs (D:1)
  3 orcs
  4 ball pythons
  4 bats
  7 endoplasms
  3 giant cockroaches
  4 goblins
  5 hobgoblins
  6 jackals
  A quokka (D:2)
  4 frilled lizards
  3 rats
54 creatures vanquished.

Notes
Turn   | Place    | Note
-------+----------+-------------------------------------------
     0 | D:1      | freelancePsychic the Djinni Ice Elementalist began the
                  | quest for the Orb.
     0 | D:1      | Reached XP level 1. HP: 15/15 MP: 0/0
   167 | D:1      | Reached XP level 2. HP: 20/22 MP: 0/0
   446 | D:1      | Reached skill level 1 in Fighting
   742 | D:1      | Reached XP level 3. HP: 27/27 MP: 0/0
   742 | D:1      | Learned a level 1 spell: Summon Small Mammal
   935 | D:1      | Found a faded altar of an unknown god.
  1268 | D:2      | Found a glowing golden altar of the Shining One.
  1281 | D:2      | Reached XP level 4. HP: 27/32 MP: 0/0
  1347 | D:2      | Reached skill level 4 in Spellcasting
  2432 | D:3      | Noticed a scorpion
  2439 | D:3      | Killed a scorpion
  2440 | D:3      | Reached XP level 5. HP: 25/39 MP: 0/0
  2440 | D:3      | Learned a level 2 spell: Corpse Rot
  2678 | D:3      | Slain by an orc

Illustrated notes

Levels and vault maps discovered:
D:1:      sevenhm_arrival_forest_fort_small_4, layout_rooms,
          shapermc_ecumenical_altar_mp_ritualfount, minmay_tetromino_o2
D:2:      layout_loops_cross, basic_altar, kennysheep_decorative_pillar
D:3:      layout_rooms, marbit_many_paths

Skill      XL: |  1  2  3  4 |
---------------+-------------+-----
Fighting       | 1 2 |  2.7
Spellcasting   | 4 |  4.7
Dodging        | |  2.1
Stealth        | |  1.5

Action                   |  1- 3 |  4- 6 || total
-------------------------+-------+-------++-------
Melee: Unarmed           |     1 |       ||     1
       Dagger            |     6 |     8 ||    14
 Cast: Freeze            |    33 |    30 ||    63
       Frozen Ramparts   |     4 |     4 ||     8
       Ozocubu's Armour  |       |     2 ||     2
  Use: Scroll            |     1 |     2 ||     3
 Stab: Sleeping          |     1 |     1 ||     2
Armor: Robe              |     4 |     3 ||     7
Dodge: Dodged            |    15 |    24 ||    39

Table legend: (Time is in decaauts)
 A = Elapsed time spent in this place.
 B = Non-inter-level travel time spent in this place.
 C = Inter-level travel time spent in this place.
 D = Time resting spent in this place.
 E = Time spent auto-exploring this place.
 F = Levels seen in this place.
 G = Mean time per level.
                   A        B        C        D        E       F      G
               +--------+--------+--------+--------+--------+-----+--------+
         Total |   2677 |   2622 |     55 |    208 |   2079 |   3 |  892.3 |
       Dungeon |   2677 |   2622 |     55 |    208 |   2079 |   3 |  892.3 |
               +--------+--------+--------+--------+--------+-----+--------+

Top non-repeatable levels by time:
     D:1: 1209 daAuts
     D:2: 983 daAuts
     D:3: 483 daAuts
